 Dungeon Sprint DCSS version 0.30-a0-39-g42789b21ef (webtiles) character file.

Game seed: 13314588313430737706

10983 mhtbhm the Sorcerer (level 11, -4/47 HPs)
             Began as a Spriggan Earth Elementalist on Aug 28, 2022.
             Was the Champion of Vehumet.
             Slain by Harold
             ... wielding a +2 dire flail of distortion
              (17 damage)
             ... in the Dungeon (Sprint III: "The Ten Rune Challenge").
             The game lasted 00:09:59 (3719 turns).

mhtbhm the Sorcerer (Spriggan Earth Elementalist)   Turns: 3719, Time: 00:10:00

Health: -4/47      AC:  4    Str:  4    XL:     11   Next: 43%
Magic:  16/38      EV: 20    Int: 21    God:    Vehumet [******]
Gold:   2481       SH:  0    Dex: 16    Spells: 30/55 levels left

rFire   . . .      SeeInvis +    o - +1 dagger (protect)
rCold   . . .      Faith    .    (no shield)
rNeg    . . .      Spirit   .    a - +0 robe
rPois   .          Reflect  .    (helmet restricted)
rElec   .          Harm     .    (no cloak)
rCorr   .          Rampage  .    (gloves unavailable)
Will    +....      NoTele   +    (boots unavailable)
Stlth   +++.......               (no amulet)
HPRegen 0.15/turn                (no ring)
MPRegen 0.26/turn                (no ring)

@: slowed, quick
A: very small, no large weapons, unfitting armour, see invisible, speed 3,
antennae 1, hooves 1, iridescent scales 1
a: Renounce Religion


You were in the Dungeon.
You worshipped Vehumet.
Vehumet was exalted by your worship.
You visited 1 branch You collected 2943 gold pieces.
You spent 462 gold pieces at shops.

Inventory:

Hand Weapons
 d - a +2 dagger of holy wrath
 e - the +5 rapier of the Wraith {pain, rF++ Str-4 Int+6}
   (You bought it in a shop in the Dungeon)

   In the hands of one skilled in necromantic magic, it inflicts extra damage on
   living creatures.
   Str:       It affects your strength (-4).
   Int:       It affects your intelligence (+6).
   rF:        It greatly protects you from fire.
 o - a +1 dagger of protection (weapon)
Armour
 a - a +0 robe (worn)
Wands
 p - a wand of polymorph (8)
Scrolls
 g - 2 scrolls of blinking
 i - a scroll of torment
 l - a scroll of immolation {unknown}
Potions
 b - 3 potions of magic
 c - a potion of curing
 f - a potion of berserk rage
 h - a potion of attraction {unknown}
 k - 2 potions of flight
 m - 2 potions of brilliance {unknown}
 n - 4 potions of mutation
 q - a potion of might
Miscellaneous
 r - a tin of tremorstones (2/2)


   Skills:
 + Level 0.3 Fighting
 + Level 6.3 Dodging
 + Level 6.7 Stealth
 + Level 22.9 Spellcasting
 + Level 2.1 Conjurations
 + Level 3.2 Transmutations
 + Level 17.9 Earth Magic
 + Level 2.1 Evocations


You had 30 spell levels left.
You knew the following spells:

 Your Spells              Type           Power      Damage    Failure   Level
a - Sandblast             Erth           100%       2d20      0%          1
b - Passwall              Tmut/Erth      51%        N/A       1%          2
c - Stone Arrow           Conj/Erth      100%       3d13      1%          3
d - Petrify               Tmut/Erth      62%        N/A       1%          4
e - Lee's Rapid Deconstr  Erth           39%        3d20*     1%          5
f - Sticky Flame          Conj/Fire      28%        2d5       3%          4
g - Iron Shot             Conj/Erth      30%        9d6       1%          6

Your spell library contained the following spells:

 Spells                   Type           Power      Damage    Failure   Level
 Fulminant Prism          Conj/Hex       14%        3d9       3%          4
 Iskenderun's Mystic Bla  Conj/Tloc      28%        2d7       3%          4


Dungeon Overview and Level Annotations

Branches:
Dungeon (1/1)

Altars:
Cheibriados
Dithmenos
Elyvilon
Fedhas
Gozag
Hepliaklqana
Kikubaaqudgha
Makhleb
Nemelex Xobeh
Okawaru
Qazlal
Ru
Sif Muna
Trog
Uskayaw
Vehumet
Wu Jian
Xom
Yredelemnul
Zin
The Shining One
Jiyva
Lugonu

Shops:
D *

Annotations:
D Harold, Joseph


Innate Abilities, Weirdness & Mutations

You are very small and have problems with some larger weapons.
You are too small for most types of armour.
You have supernaturally acute eyesight. (SInv)
You cover ground extremely quickly. (Speed+++)
You have a pair of small antennae on your head.
You have large cloven feet.
You are partially covered in iridescent scales. (AC +2)


Message History

Confirm with . or Enter, or press ? or * to list all spells.
Okay, then.
Unknown command.
Casting: Iron Shot (dangerous; 1% risk of failure)
Confirm with . or Enter, or press ? or * to list all spells.
Aiming: Iron Shot (dangerous; 1% risk of failure)
Press: ? - help, Shift-Dir - straight line, f/p - Joseph
Aim: Joseph, wielding a +4 quarterstaff of freezing and quivering curare-tipped darts (moderately wounded, 74% to hit)
The iron shot hits Joseph!!!
Joseph is heavily wounded.
Unknown command.
Unknown command.
Casting: Iron Shot (dangerous; 1% risk of failure)
Confirm with . or Enter, or press ? or * to list all spells.
Aiming: Iron Shot (dangerous; 1% risk of failure)
Press: ? - help, Shift-Dir - straight line, f/p - Joseph
Aim: Joseph, wielding a +4 quarterstaff of freezing and quivering curare-tipped darts (heavily wounded, 74% to hit)
The iron shot hits Joseph!!
Joseph is severely wounded.
Joseph hits you with a +4 quarterstaff of freezing!
Joseph freezes you.
Unknown command.
Casting: Iron Shot (dangerous; 1% risk of failure)
Confirm with . or Enter, or press ? or * to list all spells.
Aiming: Iron Shot (dangerous; 1% risk of failure)
Press: ? - help, Shift-Dir - straight line, f/p - Joseph
Aim: Joseph, wielding a +4 quarterstaff of freezing and quivering curare-tipped darts (severely wounded, 74% to hit)
The iron shot hits Joseph!!!
Joseph is almost dead.
Joseph fails to trigger a net trap.
Joseph throws a curare-tipped dart.
The curare-tipped dart hits you.
You are poisoned.
You have difficulty breathing.
You feel yourself slow down.
There is an open door here.
You feel very sick.
You feel better.
Harold hits you with a +2 dire flail of distortion!
* * * LOW HITPOINT WARNING * * *
Space warps horribly around you!
You die...

#._#..)......##.#...##≈≈≈≈#
#)##.)......###)#...≈≈≈..|.
...#........###.#)..##≈≈≈≈#
.).#.#.∩.###..#.))..# ...'
##)#.##### #..####### ###
...#)#####################
...#....#.#.#..)..#..^...+
..)##.#))#.##.###.#....^.#
...)##)#.#.##.#.@##^.^...#
...#)))#..#))##..@@...^..#
▓▓▓▓▓▓▓▓▓▓▓▓▓▓▓▓▓#....^..#
~~~........~~~...#^..^^..#
♣≈≈≈≈≈≈≈≈≈≈≈≈♣♣P.'...^...#
♣♣♣♣♣♣♣♣♣♣♣♣♣♣♣PP#.......#
♣♣♣##'###### ... #...#


You could see Harold and Joseph.

Vanquished Creatures
  2 deep elf demonologists (D)
  A deep elf annihilator (D)
  A deep elf death mage (D)
  Erolcha (D)
  An orc high priest (D)
  A deep elf knight (D)
  A deep elf zephyrmancer (D)
  5 deep elf pyromancers (D)
  2 orc sorcerers (D)
  3 wandering mushrooms (D)
  A shadow (D)
  2 redbacks (D)
  A spatial vortex (D)
  5 orc warriors (D)
  5 two-headed ogres (D)
  A necrophage (D)
  A water elemental (D)
  A jelly (D)
  3 orc priests (D)
  A wizard (D)
  Jessica (D)
  A necromancer (D)
  2 orc wizards (D)
  3 humans (D)
  A kobold demonologist (D)
  A phantom (D)
  5 orcs (D)
  3 rats (D)
56 creatures vanquished.

Notes
Turn   | Place    | Note
-------+----------+-------------------------------------------
     0 | D        | mhtbhm the Spriggan Earth Elementalist began the quest for
                  | the Orb.
     0 | D        | Reached XP level 1. HP: 9/9 MP: 5/5
    51 | D        | Reached skill level 3 in Spellcasting
   114 | D        | Noticed Jessica
   120 | D        | Killed Jessica
   121 | D        | Reached skill level 4 in Spellcasting
   121 | D        | Reached XP level 2. HP: 13/13 MP: 1/8
   188 | D        | Learned a level 2 spell: Passwall
   210 | D        | Gained mutation: You have large cloven feet. [potion of
                  | mutation]
   210 | D        | Gained mutation: You have hidden genetic potential. [potion
                  | of mutation]
   222 | D        | Reached skill level 5 in Spellcasting
   222 | D        | Reached XP level 3. HP: 5/16 MP: 3/10
   224 | D        | Reached skill level 5 in Earth Magic
   232 | D        | Gained mutation: You are partially covered in iridescent
                  | scales. (AC +2) [hidden potential]
   237 | D        | Learned a level 3 spell: Stone Arrow
   442 | D        | Noticed a water elemental
   466 | D        | Killed a water elemental
   467 | D        | Reached skill level 6 in Spellcasting
   467 | D        | Reached XP level 4. HP: 10/21 MP: 5/13
   472 | D        | Learned a level 4 spell: Petrify
   473 | D        | Gained mutation: You have a pair of small antennae on your
                  | head. [hidden potential]
   473 | D        | Lost mutation: You have hidden genetic potential. [hidden
                  | potential expressed]
   650 | D        | Found a radiant altar of Vehumet.
   650 | D        | Found a shimmering blue altar of Sif Muna.
   650 | D        | Found an ancient bone altar of Kikubaaqudgha.
   650 | D        | Noticed a wizard
   653 | D        | Killed a wizard
   654 | D        | Reached skill level 5 in Dodging
   654 | D        | Reached skill level 7 in Spellcasting
   656 | D        | Reached XP level 5. HP: 20/24 MP: 10/16
   663 | D        | Became a worshipper of Vehumet
   709 | D        | Learned a level 5 spell: Lee's Rapid Deconstruction
   721 | D        | Found a basalt altar of Yredelemnul.
   721 | D        | Found a shadowy altar of Dithmenos.
   721 | D        | Found a sacrificial altar of Ru.
   723 | D        | Reached skill level 5 in Stealth
   723 | D        | Reached skill level 8 in Spellcasting
   731 | D        | Reached skill level 9 in Spellcasting
   759 | D        | Found a glowing silver altar of Zin.
   759 | D        | Found a glowing golden altar of the Shining One.
   759 | D        | Found a white marble altar of Elyvilon.
   759 | D        | Noticed a deep elf pyromancer
   760 | D        | Noticed a fire elemental
   760 | D        | Noticed a fire elemental
   761 | D        | Killed a deep elf pyromancer
   761 | D        | Reached * piety under Vehumet
   761 | D        | Offered knowledge of Shock by Vehumet.
   762 | D        | Reached skill level 12 in Spellcasting
   762 | D        | Reached skill level 10 in Earth Magic
   762 | D        | Reached XP level 6. HP: 28/28 MP: 7/22
   762 | D        | Reached XP level 7. HP: 32/32 MP: 7/24
   859 | D        | Found a hide-covered altar of Uskayaw.
   859 | D        | Found an iron altar of Okawaru.
   859 | D        | Found a bloodstained altar of Trog.
   859 | D        | Found an ornate altar of the Wu Jian Council.
   859 | D        | Noticed a human
   859 | D        | Noticed a human
   862 | D        | Killed a human
   863 | D        | Reached skill level 13 in Spellcasting
   864 | D        | Killed a human
   972 | D        | Noticed a shadow
   974 | D        | Killed a shadow
   974 | D        | Reached ** piety under Vehumet
   974 | D        | Offered knowledge of Freeze by Vehumet.
   975 | D        | Reached skill level 14 in Spellcasting
   975 | D        | Reached XP level 8. HP: 36/36 MP: 27/27
   985 | D        | Found a blossoming altar of Fedhas.
   985 | D        | Found a stormy altar of Qazlal.
   985 | D        | Found a snail-covered altar of Cheibriados.
   985 | D        | Found a burning altar of Makhleb.
   985 | D        | Found a shimmering altar of Xom.
   986 | D        | Found a hazy altar of Hepliaklqana.
   986 | D        | Found an opulent altar of Gozag.
   986 | D        | Found a sparkling altar of Nemelex Xobeh.
   986 | D        | Found a corrupted altar of Lugonu.
   986 | D        | Found a viscous altar of Jiyva.
  1077 | D        | Reached *** piety under Vehumet
  1078 | D        | Reached skill level 15 in Spellcasting
  1213 | D        | Noticed a two-headed ogre
  1219 | D        | Killed a two-headed ogre
  1219 | D        | Offered knowledge of Static Discharge by Vehumet.
  1221 | D        | Noticed Erolcha
  1225 | D        | Killed Erolcha
  1226 | D        | Reached skill level 17 in Spellcasting
  1226 | D        | Reached XP level 9. HP: 39/39 MP: 5/31
  1354 | D        | Offered knowledge of Sticky Flame by Vehumet.
  1354 | D        | Reached **** piety under Vehumet
  1355 | D        | Noticed a two-headed ogre
  1366 | D        | Killed a two-headed ogre
  1449 | D        | Noticed a wandering mushroom
  1453 | D        | Noticed a wandering mushroom
  1456 | D        | Killed a wandering mushroom
  1457 | D        | Reached skill level 18 in Spellcasting
  1458 | D        | Noticed a wandering mushroom
  1463 | D        | Killed a wandering mushroom
  1467 | D        | Killed a wandering mushroom
  1467 | D        | Reached ***** piety under Vehumet
  1551 | D        | Learned a level 4 spell: Sticky Flame
  1734 | D        | Noticed an orc sorcerer
  1735 | D        | Noticed an orc sorcerer
  1739 | D        | Offered knowledge of Yara's Violent Unravelling by Vehumet.
  1740 | D        | Killed an orc sorcerer
  1741 | D        | Reached skill level 19 in Spellcasting
  1741 | D        | Reached skill level 1 in Conjurations
  1741 | D        | Reached XP level 10. HP: 27/44 MP: 32/34
  1742 | D        | Noticed an orc high priest
  1810 | D        | Killed an orc sorcerer
  1811 | D        | Reached skill level 1 in Evocations
  1835 | D        | Killed an orc high priest
  1836 | D        | Reached skill level 15 in Earth Magic
  1927 | D        | Reached skill level 20 in Spellcasting
  1929 | D        | Offered knowledge of Irradiate by Vehumet.
  2113 | D        | Found Eczoysar's Assorted Antiques.
  2115 | D        | Reached ****** piety under Vehumet
  2161 | D        | Bought a jewelled rapier for 252 gold pieces
  2161 | D        | Identified the +5 rapier of the Wraith {pain, rF++ Str-4
                  | Int+6} (You bought it in a shop in the Dungeon)
  2161 | D        | Bought a scroll of blinking for 210 gold pieces
  2237 | D        | Noticed a deep elf pyromancer
  2237 | D        | Noticed a deep elf pyromancer
  2237 | D        | Noticed a deep elf knight
  2237 | D        | Noticed a deep elf pyromancer
  2237 | D        | Noticed a deep elf pyromancer
  2253 | D        | Killed a deep elf pyromancer
  2254 | D        | Killed a deep elf pyromancer
  2254 | D        | Offered knowledge of Iron Shot by Vehumet.
  2254 | D        | Killed a deep elf pyromancer
  2256 | D        | Killed a deep elf knight
  2256 | D        | Killed a deep elf pyromancer
  2257 | D        | Reached skill level 21 in Spellcasting
  2257 | D        | Reached XP level 11. HP: 47/47 MP: 23/37
  2315 | D        | Noticed a deep elf annihilator
  2319 | D        | Noticed a deep elf demonologist
  2321 | D        | Killed a deep elf demonologist
  2321 | D        | Noticed a deep elf death mage
  2322 | D        | Noticed a deep elf blademaster
  2389 | D        | Identified the +1 trident "Liukhunu" {protect, *Noise rElec
                  | rC+ Dex+6}
  2389 | D        | Identified the ring "Ahenwyli" {rC- rN+ rCorr Dex+2 SInv}
  2389 | D        | Noticed a deep elf high priest
  2392 | D        | Noticed a deep elf zephyrmancer
  2394 | D        | Killed a deep elf death mage
  2394 | D        | Killed a deep elf zephyrmancer
  2395 | D        | Reached skill level 22 in Spellcasting
  2531 | D        | Noticed a deep elf demonologist
  2688 | D        | Killed a deep elf demonologist
  2703 | D        | Killed a deep elf annihilator
  2961 | D        | Learned a level 6 spell: Iron Shot
  3709 | D        | Noticed Harold
  3709 | D        | Noticed Joseph
  3719 | D        | Slain by Harold

Illustrated notes

Levels and vault maps discovered:
D:        dungeon_sprint_mu [sprint_mu_entry_cave, sprint_mu_temple_rooms,
          sprint_mu_d1_spiders, sprint_mu_d2_genie, sprint_mu_d3_branching,
          sprint_mu_orc_legion, sprint_mu_elf_gauntlet, sprint_mu_hive_nellie,
          sprint_mu_lair_fedhas, sprint_mu_vaults_butterflies,
          sprint_mu_slime_circle, sprint_mu_shoals_archi,
          sprint_mu_snake_twists, sprint_mu_blade_basic, sprint_mu_crypt_lich,
          sprint_mu_tomb_spiral, sprint_mu_vestibule_basic,
          sprint_mu_gehenna_hellfire, sprint_mu_dis_giant,
          sprint_mu_tartarus_statrot, sprint_mu_cocytus_islands, sprint_mu_zot1]

Skill      XL: |  1  2  3  4  5  6  7  8  9 10 11 |
---------------+----------------------------------+-----
Dodging        | 4 5 6 |  6.3
Spellcasting   | 4 5 6 7 12 14 17 19 21 22 | 22.9
Earth Magic    | 4 6 7 10 11 13 14 16 17 | 17.9
Stealth        | 4 6 |  6.7
Transmutations | 2 3 |  3.2
Conjurations   | 1 2 |  2.1
Evocations     | 2 |  2.1
Fighting       | |  0.3

Action                   |  1- 3 |  4- 6 |  7- 9 | 10-12 || total
-------------------------+-------+-------+-------+-------++-------
 Cast: Sandblast         |    21 |     9 |     9 |    11 ||    50
       Passwall          |     1 |       |       |       ||     1
       Lee's Rapid Decon |       |     2 |    20 |    53 ||    75
       Stone Arrow       |       |       |     9 |     2 ||    11
       Iron Shot         |       |       |       |    10 ||    10
Evoke: Tin of tremorston |       |       |     2 |     1 ||     3
  Use: Potion            |     1 |       |       |     3 ||     4
       Scroll            |       |       |     2 |       ||     2
Armor: Robe              |       |     2 |       |       ||     2
Dodge: Dodged            |     7 |     2 |     5 |     7 ||    21

Table legend: (Time is in decaauts)
 A = Elapsed time spent in this place.
 B = Non-inter-level travel time spent in this place.
 C = Inter-level travel time spent in this place.
 D = Time resting spent in this place.
 E = Time spent auto-exploring this place.
 F = Levels seen in this place.
 G = Mean time per level.
                   A        B        C        D        E       F      G
               +--------+--------+--------+--------+--------+-----+--------+
         Total |   3478 |   3465 |     13 |   2670 |    203 |   1 | 3478.0 |
       Dungeon |   3478 |   3465 |     13 |   2670 |    203 |   1 | 3478.0 |
               +--------+--------+--------+--------+--------+-----+--------+

Top non-repeatable levels by time:
       D: 3478 daAuts
